[ AOE2 MATCH · #462843694 ]
UnrankedBengalis vs Wei
[ REPLAY ANALYSIS · EXTRACTED FROM THE RECORDED GAME ]
Feudal
16:44
Castle
28:12
Imperial
—
| APM avg | 3.9 |
| APM peak | 13 |
| eAPM avg | 3.8 |
| Villagers / military | 30 / 0 |
Focus
⚔️ 10.6% · 🌾 89.4%
Trade Cart ×4
Feudal
14:30
Castle
18:24
Imperial
—
| APM avg | 20.4 |
| APM peak | 42 |
| eAPM avg | 14.3 |
| Villagers / military | 89 / 2 |
Focus
⚔️ 24.9% · 🌾 75.1%
Fishing Ship ×10 · Monk ×1 · Mangonel ×1
Feudal
—
Castle
—
Imperial
—
| APM avg | 20.5 |
| APM peak | 52 |
| eAPM avg | 13.8 |
| Villagers / military | 100 / 9 |
Focus
⚔️ 10.3% · 🌾 89.7%
Militia ×3 · Spearman ×3 · Coustillier ×3
Feudal
11:22
Castle
15:02
Imperial
28:33
| APM avg | 22.2 |
| APM peak | 45 |
| eAPM avg | 14.1 |
| Villagers / military | 131 / 19 |
Focus
⚔️ 13.5% · 🌾 86.5%
Camel Scout ×14 · Fishing Ship ×5 · Bombard Cannon ×4 · Monk ×1
Feudal
13:36
Castle
—
Imperial
—
| APM avg | 6.7 |
| APM peak | 22 |
| eAPM avg | 5.4 |
| Villagers / military | 48 / 0 |
Focus
⚔️ 6.2% · 🌾 93.8%
Trade Cart ×7
Feudal
11:53
Castle
18:40
Imperial
—
| APM avg | 12.0 |
| APM peak | 34 |
| eAPM avg | 7.5 |
| Villagers / military | 52 / 1 |
Focus
⚔️ 6.3% · 🌾 93.7%
Trade Cart ×3 · Fishing Ship ×2 · Monk ×1
Feudal
12:59
Castle
19:00
Imperial
—
| APM avg | 31.0 |
| APM peak | 69 |
| eAPM avg | 19.5 |
| Villagers / military | 78 / 21 |
Focus
⚔️ 11.5% · 🌾 88.5%
Tarkan ×14 · Fishing Ship ×13 · Monk ×4 · Cavalry Archer ×3 · Trade Cart ×2
Feudal
12:20
Castle
20:18
Imperial
—
| APM avg | 9.1 |
| APM peak | 20 |
| eAPM avg | 6.9 |
| Villagers / military | 42 / 16 |
Focus
⚔️ 17.2% · 🌾 82.8%
Steppe Lancer ×10 · Fire Lancer ×5 · Fishing Ship ×4 · Trade Cart ×3 · Iron Pagoda ×1
Match map
Initial resources + every placement click. Lines = walls · curves = elevation contours. ◆ gold · ⬟ stone · ● berries · ✦ relic · ◌ wall gap
Your base· ✓ Closed at 28:12 · 38t walls · 2 gate(s)
Nozyspy's base· ✓ Closed at 18:24 · 69t walls · no gate
Hinckley-forever's base· ✓ Closed at 14:49 · 26t walls · no gate
shashank1698's base· ✓ Closed at 15:02 · 0t walls · no gate
Commendatori's base· ✓ Closed at 21:51 · 0t walls · no gate
Kodos113's base· ✓ Closed at 18:40 · 22t walls · no gate
Cauchunho09's base· ✓ Closed at 19:00 · 59t walls · 2 gate(s)
coolgamer's base· ✓ Closed at 20:18 · 0t walls · no gate
Smoothed initial terrain · ◌ = detected wall gap · hover for details
Inputs per minute
— yinlai - - Nozyspy
Build order — yinlai
90 actions detected in the replay
| 0:17 | Build | House |
| 0:18 | Build | House |
| 0:20 | Build | House |
| 0:23 | Build | House |
| 0:26 | Create | Villager (Male) |
| 0:26 | Create | Villager (Male) |
| 0:27 | Create | Villager (Male) |
| 0:27 | Create | Villager (Male) |
| 0:28 | Create | Villager (Male) |
| 1:05 | Build | Palisade Wall |
| 1:13 | Build | Palisade Wall |
| 2:51 | Create | Villager (Male) |
| 3:39 | Build | Palisade Gate |
| 3:44 | Create | Villager (Male) |
| 6:40 | Build | Mining Camp |
| 6:44 | Create | Villager (Male) |
| 6:46 | Create | Villager (Male) |
| 6:48 | Create | Villager (Male) |
| 6:48 | Create | Villager (Male) |
| 6:49 | Create | Villager (Male) |
| 7:47 | Build | Barracks |
| 8:24 | Build | Mill |
| 8:58 | Build | Lumber Camp |
| 10:46 | Create | Villager (Male) |
| 10:55 | Create | Villager (Male) |
| 10:55 | Create | Villager (Male) |
| 10:56 | Create | Villager (Male) |
| 10:56 | Create | Villager (Male) |
| 10:57 | Create | Villager (Male) |
| 14:34 | Research | Feudal Age |
| 16:21 | Build | Farm |
| 16:25 | Build | Farm |
| 16:29 | Build | Farm |
| 16:36 | Build | Farm |
| 16:40 | Build | Farm |
| 16:44 | Age | Feudal Age |
| 16:46 | Build | Farm |
| 16:49 | Build | Farm |
| 16:53 | Build | Farm |
| 17:04 | Build | Mining Camp |
| 17:11 | Build | Mining Camp |
| 17:17 | Build | Stable |
| 17:21 | Build | Archery Range |
| 17:26 | Research | Wheelbarrow |
| 17:31 | Research | Double-Bit Axe |
| 17:34 | Research | Horse Collar |
| 18:52 | Build | Market |
| 19:11 | Build | Stone Wall |
| 19:23 | Build | Gate |
| 19:31 | Create | Villager (Male) |
| 19:31 | Create | Villager (Male) |
| 19:32 | Create | Villager (Male) |
| 19:32 | Create | Villager (Male) |
| 20:08 | Build | House |
| 20:09 | Build | House |
| 20:11 | Build | House |
| 20:15 | Build | House |
| 20:30 | Build | Farm |
| 20:37 | Create | Trade Cart |
| 20:38 | Create | Trade Cart |
| 20:38 | Create | Trade Cart |
| 20:38 | Create | Trade Cart |
| 21:39 | Research | Gold Mining |
| 21:42 | Research | Stone Mining |
| 21:49 | Create | Villager (Male) |
| 22:14 | Create | Villager (Male) |
| 22:19 | Build | Farm |
| 22:24 | Create | Villager (Male) |
| 22:44 | Build | Farm |
| 23:19 | Build | Blacksmith |
| 25:03 | Build | Farm |
| 25:32 | Research | Castle Age |
| 28:12 | Age | Castle Age |
| 28:13 | Research | Hand Cart |
| 28:21 | Research | Bow Saw |
| 28:23 | Research | Heavy Plow |
| 28:57 | Build | Town Center |
| 29:06 | Research | Gold Shaft Mining |
| 29:20 | Create | Villager (Male) |
| 29:20 | Create | Villager (Male) |
| 29:23 | Create | Villager (Male) |
| 29:32 | Create | Villager (Male) |
| 29:54 | Build | University |
| 30:26 | Build | Lumber Camp |
| 30:32 | Create | Villager (Male) |
| 30:42 | Build | Farm |
| 30:58 | Research | Caravan |
| 30:59 | Research | Coinage |
| 31:19 | Build | Stable |
| 31:21 | Build | Stable |
Build order — Nozyspy
First 150 of 176 actions detected
| 0:05 | Research | Loom |
| 0:06 | Create | Villager (Male) ×4 |
| 0:10 | Build | House |
| 0:31 | Build | Palisade Wall |
| 0:45 | Build | Palisade Wall |
| 1:02 | Build | Palisade Wall |
| 2:20 | Create | Villager (Male) |
| 2:59 | Build | Palisade Wall |
| 3:04 | Create | Villager (Male) |
| 3:31 | Create | Villager (Male) |
| 3:37 | Build | Palisade Wall |
| 3:58 | Build | House |
| 4:27 | Build | House |
| 4:32 | Create | Villager (Male) |
| 4:32 | Create | Villager (Male) |
| 5:10 | Create | Villager (Male) |
| 5:40 | Create | Villager (Male) |
| 5:55 | Build | House |
| 6:16 | Create | Villager (Male) |
| 6:38 | Build | House |
| 6:47 | Build | House |
| 6:54 | Create | Villager (Male) |
| 7:25 | Build | House |
| 7:36 | Create | Villager (Male) ×2 |
| 7:53 | Create | Villager (Male) |
| 8:10 | Build | House |
| 8:25 | Build | Lumber Camp |
| 8:55 | Create | Villager (Male) |
| 8:55 | Create | Villager (Male) |
| 9:30 | Build | House |
| 9:50 | Create | Villager (Male) |
| 9:50 | Create | Villager (Male) |
| 10:23 | Build | Mill |
| 10:34 | Create | Villager (Male) |
| 10:37 | Create | Villager (Male) |
| 11:55 | Create | Villager (Male) |
| 12:03 | Research | Feudal Age |
| 12:44 | Build | Mining Camp |
| 13:38 | Create | Villager (Male) |
| 13:38 | Create | Villager (Male) |
| 14:05 | Build | Dock |
| 14:30 | Age | Feudal Age |
| 14:44 | Build | Blacksmith |
| 14:53 | Build | Market |
| 15:04 | Build | Stone Wall |
| 15:44 | Research | Castle Age |
| 16:08 | Create | Fishing Ship |
| 16:08 | Create | Fishing Ship |
| 16:36 | Research | Double-Bit Axe |
| 17:02 | Research | Horse Collar |
| 17:33 | Research | Gold Mining |
| 17:51 | Create | Fishing Ship |
| 18:24 | Age | Castle Age |
| 18:28 | Build | Town Center |
| 18:41 | Research | Bow Saw |
| 18:45 | Create | Villager (Male) |
| 18:46 | Create | Villager (Male) |
| 19:02 | Create | Villager (Male) |
| 19:16 | Build | Farm |
| 19:16 | Build | Farm |
| 19:16 | Build | Farm |
| 19:33 | Create | Villager (Male) |
| 19:44 | Create | Villager (Male) |
| 19:46 | Create | Fishing Ship |
| 19:57 | Create | Villager (Male) ×2 |
| 20:13 | Create | Villager (Male) |
| 20:25 | Build | Siege Workshop |
| 20:40 | Create | Villager (Male) |
| 20:47 | Build | House |
| 20:49 | Build | House |
| 20:49 | Build | House |
| 21:02 | Build | Town Center |
| 21:07 | Create | Villager (Male) |
| 21:25 | Research | Tech 906 |
| 21:26 | Create | Fishing Ship |
| 21:41 | Create | Villager (Male) |
| 21:59 | Research | Heavy Plow |
| 22:05 | Build | Farm |
| 22:05 | Build | Farm |
| 22:05 | Build | Farm |
| 22:06 | Build | Farm |
| 22:06 | Build | Farm |
| 22:08 | Build | Farm |
| 22:09 | Build | Farm |
| 22:20 | Create | Villager (Male) |
| 22:28 | Create | Mangonel |
| 22:52 | Create | Villager (Male) |
| 22:59 | Build | Fish Trap |
| 23:05 | Build | Fish Trap |
| 23:08 | Create | Villager (Male) |
| 23:23 | Create | Villager (Male) |
| 23:35 | Create | Villager (Male) |
| 23:52 | Build | Farm |
| 23:52 | Build | Farm |
| 23:53 | Build | Farm |
| 23:53 | Build | Farm |
| 23:53 | Build | Farm |
| 24:13 | Create | Villager (Male) |
| 24:19 | Create | Villager (Male) |
| 24:35 | Build | Gate |
| 24:40 | Create | Villager (Male) ×4 |
| 24:40 | Create | Villager (Male) ×4 |
| 24:46 | Build | Fish Trap |
| 24:50 | Build | Fish Trap |
| 24:54 | Build | Fish Trap |
| 24:56 | Create | Fishing Ship |
| 25:10 | Build | Dock |
| 25:16 | Create | Villager (Male) |
| 25:20 | Build | Farm |
| 25:20 | Build | Farm |
| 25:24 | Build | Farm |
| 25:24 | Build | Farm |
| 25:24 | Build | Farm |
| 25:40 | Build | Barracks |
| 25:48 | Build | Monastery |
| 25:51 | Create | Villager (Male) ×5 |
| 25:55 | Build | Fish Trap |
| 26:01 | Build | House |
| 26:01 | Build | House |
| 26:04 | Build | House |
| 26:05 | Build | House |
| 26:21 | Create | Fishing Ship |
| 26:21 | Create | Fishing Ship |
| 26:22 | Create | Fishing Ship |
| 26:26 | Build | House |
| 26:27 | Build | House |
| 26:28 | Build | House |
| 26:52 | Build | Town Center |
| 27:07 | Build | Archery Range |
| 27:11 | Create | Villager (Male) |
| 27:21 | Build | Fish Trap |
| 27:27 | Create | Villager (Male) ×5 |
| 27:38 | Build | Farm |
| 27:38 | Build | Farm |
| 27:38 | Build | Farm |
| 27:39 | Build | Farm |
| 27:39 | Build | Farm |
| 27:40 | Build | Farm |
| 27:43 | Research | Gold Shaft Mining |
| 28:00 | Build | Fish Trap |
| 28:11 | Create | Fishing Ship |
| 28:14 | Research | Gillnets |
| 28:24 | Build | Mining Camp |
| 28:28 | Create | Villager (Male) ×5 |
| 28:33 | Create | Villager (Male) ×5 |
| 28:38 | Create | Villager (Male) |
| 28:38 | Create | Villager (Male) |
| 28:38 | Create | Villager (Male) |
| 28:38 | Create | Villager (Male) |
| 28:46 | Build | Farm |
Build order — Hinckley-forever
First 150 of 230 actions detected
| 0:01 | Create | Villager (Male) |
| 0:01 | Create | Villager (Male) |
| 0:04 | Build | House |
| 0:06 | Build | House |
| 0:25 | Create | Villager (Male) |
| 0:25 | Create | Villager (Male) |
| 0:31 | Research | Loom |
| 1:06 | Build | Palisade Wall |
| 1:13 | Create | Villager (Male) |
| 1:14 | Create | Villager (Male) |
| 1:14 | Create | Villager (Male) |
| 2:01 | Build | Palisade Wall |
| 2:04 | Create | Villager (Male) |
| 2:51 | Create | Villager (Male) |
| 2:51 | Create | Villager (Male) |
| 3:09 | Build | Lumber Camp |
| 3:17 | Create | Villager (Male) |
| 3:59 | Create | Villager (Male) |
| 4:27 | Create | Villager (Male) |
| 4:27 | Create | Villager (Male) |
| 5:05 | Create | Villager (Male) |
| 5:05 | Create | Villager (Male) |
| 5:22 | Build | House |
| 5:59 | Create | Villager (Male) |
| 6:22 | Create | Villager (Male) |
| 6:22 | Create | Villager (Male) |
| 6:42 | Create | Villager (Male) |
| 6:43 | Create | Villager (Male) |
| 7:15 | Create | Villager (Male) |
| 8:01 | Create | Villager (Male) |
| 8:33 | Create | Villager (Male) |
| 8:33 | Create | Villager (Male) |
| 8:33 | Create | Villager (Male) |
| 8:39 | Build | House |
| 8:47 | Build | Lumber Camp |
| 10:02 | Build | Mill |
| 10:08 | Create | Villager (Male) |
| 10:09 | Create | Villager (Male) |
| 10:18 | Build | Mining Camp |
| 10:42 | Research | Feudal Age |
| 10:45 | Build | House |
| 12:34 | Build | Mill |
| 12:47 | Create | Villager (Male) |
| 12:47 | Create | Villager (Male) |
| 13:23 | Build | Market |
| 13:33 | Build | Blacksmith |
| 13:47 | Build | Stone Wall |
| 13:49 | Create | Villager (Male) |
| 14:03 | Build | Farm |
| 14:13 | Create | Villager (Male) |
| 14:30 | Build | Farm |
| 14:34 | Build | House |
| 14:49 | Research | Castle Age |
| 15:01 | Build | Mining Camp |
| 15:14 | Build | House |
| 15:25 | Research | Double-Bit Axe |
| 15:41 | Build | Gate |
| 16:13 | Research | Horse Collar |
| 16:42 | Build | House |
| 16:45 | Research | Bow Saw |
| 16:50 | Research | Wheelbarrow |
| 17:41 | Create | Villager (Male) |
| 17:41 | Create | Villager (Male) |
| 17:51 | Build | Town Center |
| 18:02 | Build | Farm |
| 18:36 | Build | Town Center |
| 18:39 | Create | Villager (Male) |
| 19:01 | Research | Heavy Plow |
| 19:17 | Build | Lumber Camp |
| 19:25 | Build | Farm |
| 19:45 | Create | Villager (Male) |
| 19:45 | Create | Villager (Male) |
| 19:46 | Create | Villager (Male) |
| 19:46 | Create | Villager (Male) |
| 19:46 | Create | Villager (Male) |
| 19:54 | Build | Farm |
| 20:11 | Build | Farm |
| 20:27 | Build | Farm |
| 20:56 | Research | Two-Man Saw |
| 21:00 | Build | Farm |
| 21:01 | Create | Villager (Male) |
| 21:01 | Create | Villager (Male) |
| 21:14 | Build | Farm |
| 21:14 | Build | Farm |
| 21:15 | Build | Farm |
| 21:15 | Build | Farm |
| 21:15 | Build | Farm |
| 21:15 | Build | Farm |
| 21:16 | Build | Farm |
| 21:16 | Build | Farm |
| 21:16 | Build | Farm |
| 21:17 | Build | Farm |
| 21:17 | Build | Farm |
| 21:20 | Create | Villager (Male) |
| 21:33 | Build | Farm |
| 21:40 | Build | Farm |
| 21:47 | Create | Villager (Male) |
| 21:47 | Create | Villager (Male) |
| 21:59 | Build | Farm |
| 22:07 | Build | House |
| 22:09 | Build | House |
| 22:13 | Build | House |
| 22:17 | Create | Villager (Male) |
| 22:17 | Create | Villager (Male) |
| 22:17 | Create | Villager (Male) |
| 22:21 | Build | Farm |
| 22:47 | Build | Lumber Camp |
| 22:55 | Build | Farm |
| 22:56 | Build | Farm |
| 22:56 | Build | Farm |
| 22:56 | Build | Farm |
| 22:56 | Build | Farm |
| 22:57 | Build | Farm |
| 22:57 | Build | Farm |
| 22:57 | Build | Farm |
| 22:57 | Build | Farm |
| 22:58 | Build | Farm |
| 22:58 | Build | Farm |
| 22:58 | Build | Farm |
| 22:59 | Build | Farm |
| 23:02 | Create | Villager (Male) |
| 23:02 | Create | Villager (Male) |
| 23:02 | Create | Villager (Male) |
| 23:15 | Create | Villager (Male) |
| 23:15 | Create | Villager (Male) |
| 23:16 | Create | Villager (Male) |
| 23:34 | Build | Barracks |
| 23:39 | Create | Villager (Male) |
| 23:39 | Create | Villager (Male) |
| 23:57 | Build | House |
| 23:59 | Build | House |
| 24:29 | Research | Hand Cart |
| 24:31 | Create | Villager (Male) |
| 24:31 | Create | Villager (Male) |
| 24:31 | Create | Villager (Male) |
| 24:32 | Create | Villager (Male) |
| 24:32 | Create | Villager (Male) |
| 24:46 | Build | Castle |
| 24:50 | Create | Militia |
| 24:50 | Create | Militia |
| 24:51 | Create | Militia |
| 24:59 | Build | House |
| 25:12 | Build | Castle |
| 25:22 | Create | Spearman |
| 25:23 | Create | Spearman |
| 25:23 | Create | Spearman |
| 25:26 | Create | Villager (Male) |
| 25:27 | Create | Villager (Male) |
| 25:27 | Create | Villager (Male) |
| 25:37 | Build | House |
Build order — shashank1698
First 150 of 274 actions detected
| 0:01 | Create | Villager (Male) ×4 |
| 0:03 | Build | House |
| 0:04 | Build | House |
| 1:11 | Create | Villager (Male) |
| 1:34 | Create | Villager (Male) |
| 2:01 | Build | Lumber Camp |
| 2:31 | Create | Villager (Male) |
| 2:31 | Create | Villager (Male) |
| 2:35 | Create | Villager (Male) |
| 3:08 | Build | House |
| 3:15 | Create | Villager (Male) |
| 3:15 | Create | Villager (Male) |
| 4:05 | Create | Villager (Male) |
| 4:08 | Create | Villager (Male) |
| 4:26 | Create | Villager (Male) |
| 4:49 | Build | Dock |
| 4:51 | Build | House |
| 5:33 | Create | Fishing Ship |
| 5:52 | Create | Villager (Male) |
| 5:54 | Create | Villager (Male) |
| 5:54 | Create | Villager (Male) |
| 6:00 | Create | Villager (Male) |
| 6:06 | Create | Fishing Ship |
| 6:37 | Create | Villager (Male) |
| 7:04 | Create | Villager (Male) |
| 7:14 | Build | House |
| 7:21 | Create | Fishing Ship |
| 7:38 | Create | Villager (Male) |
| 7:43 | Build | Mining Camp |
| 7:48 | Create | Villager (Male) |
| 8:25 | Create | Villager (Male) |
| 8:31 | Build | Mill |
| 8:49 | Create | Villager (Male) |
| 9:10 | Research | Feudal Age |
| 9:19 | Create | Fishing Ship |
| 9:59 | Build | House |
| 11:18 | Create | Villager (Male) |
| 11:18 | Create | Villager (Male) |
| 11:22 | Age | Feudal Age |
| 11:35 | Build | Market |
| 11:39 | Build | Blacksmith |
| 11:41 | Build | Lumber Camp |
| 12:00 | Research | Double-Bit Axe |
| 12:22 | Research | Castle Age |
| 12:52 | Research | Horse Collar |
| 13:24 | Build | House |
| 15:02 | Age | Castle Age |
| 15:02 | Create | Villager (Male) |
| 15:04 | Create | Villager (Male) |
| 15:10 | Build | Town Center |
| 15:18 | Build | Town Center |
| 15:22 | Research | Bow Saw |
| 15:32 | Create | Villager (Male) |
| 15:44 | Create | Villager (Male) |
| 15:48 | Build | Town Center |
| 15:53 | Create | Villager (Male) |
| 15:58 | Build | Farm |
| 16:02 | Build | Farm |
| 16:05 | Create | Villager (Male) |
| 16:14 | Create | Villager (Male) |
| 16:18 | Create | Villager (Male) |
| 16:21 | Create | Villager (Male) |
| 16:24 | Build | Farm |
| 16:32 | Build | Farm |
| 16:39 | Create | Villager (Male) |
| 16:43 | Build | Farm |
| 16:44 | Create | Villager (Male) |
| 16:48 | Create | Villager (Male) |
| 16:51 | Build | Farm |
| 16:52 | Create | Villager (Male) |
| 16:56 | Create | Villager (Male) |
| 16:58 | Create | Villager (Male) |
| 17:02 | Create | Villager (Male) |
| 17:12 | Build | Fish Trap |
| 17:18 | Build | Fish Trap |
| 17:24 | Create | Villager (Male) |
| 17:33 | Build | Fish Trap |
| 17:38 | Build | Fish Trap |
| 17:43 | Build | Fish Trap |
| 17:44 | Create | Villager (Male) |
| 17:48 | Build | Farm |
| 17:49 | Create | Villager (Male) |
| 17:51 | Build | Farm |
| 17:55 | Build | Farm |
| 17:56 | Create | Villager (Male) |
| 18:01 | Build | Farm |
| 18:06 | Build | Farm |
| 18:09 | Create | Villager (Male) |
| 18:17 | Create | Villager (Male) |
| 18:34 | Create | Villager (Male) |
| 18:40 | Create | Villager (Male) |
| 18:41 | Build | Farm |
| 18:41 | Build | Farm |
| 18:45 | Build | Farm |
| 18:47 | Create | Villager (Male) |
| 18:48 | Create | Villager (Male) |
| 18:56 | Build | House |
| 18:57 | Build | House |
| 19:03 | Create | Villager (Male) |
| 19:04 | Create | Villager (Male) |
| 19:07 | Build | Farm |
| 19:07 | Build | Farm |
| 19:08 | Build | Farm |
| 19:12 | Create | Villager (Male) |
| 19:18 | Build | Farm |
| 19:27 | Research | Wheelbarrow |
| 19:28 | Research | Loom |
| 19:30 | Create | Villager (Male) |
| 19:34 | Build | Farm |
| 19:34 | Build | Farm |
| 19:35 | Build | Farm |
| 19:35 | Build | Farm |
| 19:35 | Build | Farm |
| 19:36 | Build | Farm |
| 19:37 | Build | Farm |
| 19:42 | Create | Villager (Male) |
| 19:46 | Build | House |
| 19:48 | Build | House |
| 19:49 | Build | House |
| 19:53 | Build | Farm |
| 19:58 | Create | Villager (Male) |
| 20:05 | Create | Villager (Male) |
| 20:07 | Create | Villager (Male) |
| 20:17 | Create | Fishing Ship |
| 20:18 | Create | Villager (Male) |
| 20:21 | Create | Villager (Male) |
| 20:35 | Build | Mining Camp |
| 20:37 | Create | Villager (Male) |
| 20:39 | Create | Villager (Male) |
| 20:41 | Research | Gold Mining |
| 20:42 | Create | Villager (Male) |
| 20:44 | Create | Villager (Male) |
| 20:45 | Create | Villager (Male) |
| 21:08 | Build | Siege Workshop |
| 21:09 | Create | Villager (Male) ×4 |
| 21:13 | Build | Fish Trap |
| 21:16 | Build | House |
| 21:16 | Build | House |
| 21:18 | Build | House |
| 21:18 | Build | House |
| 21:19 | Build | House |
| 21:23 | Research | Tech 906 |
| 21:25 | Create | Villager (Male) |
| 21:31 | Research | Stone Mining |
| 21:33 | Create | Villager (Male) |
| 21:35 | Create | Villager (Male) |
| 21:40 | Build | Farm |
| 21:45 | Build | Farm |
| 21:46 | Create | Villager (Male) |
| 21:49 | Build | Farm |
Build order — Commendatori
100 actions detected in the replay
| 0:03 | Create | Villager (Male) |
| 0:04 | Create | Villager (Male) |
| 0:04 | Create | Villager (Male) |
| 0:04 | Create | Villager (Male) |
| 0:04 | Create | Villager (Male) |
| 0:06 | Research | Loom |
| 0:11 | Build | House |
| 0:11 | Build | House |
| 0:12 | Build | House |
| 0:13 | Build | House |
| 0:20 | Build | Lumber Camp |
| 1:57 | Create | Villager (Male) |
| 1:57 | Create | Villager (Male) |
| 2:24 | Create | Villager (Male) |
| 2:25 | Create | Villager (Male) |
| 2:58 | Create | Villager (Male) |
| 2:58 | Create | Villager (Male) |
| 3:34 | Create | Villager (Male) |
| 4:10 | Create | Villager (Male) |
| 4:10 | Create | Villager (Male) |
| 4:43 | Build | Mill |
| 4:47 | Create | Villager (Male) |
| 4:47 | Create | Villager (Male) |
| 6:28 | Create | Villager (Male) |
| 7:16 | Create | Villager (Male) |
| 7:16 | Create | Villager (Male) |
| 7:18 | Create | Villager (Male) |
| 7:18 | Create | Villager (Male) |
| 7:32 | Create | Villager (Male) |
| 7:32 | Create | Villager (Male) |
| 7:47 | Create | Villager (Male) |
| 7:47 | Create | Villager (Male) |
| 8:37 | Create | Villager (Male) |
| 8:37 | Create | Villager (Male) |
| 8:38 | Create | Villager (Male) |
| 9:13 | Create | Villager (Male) |
| 9:14 | Create | Villager (Male) |
| 9:34 | Build | Farm |
| 9:34 | Build | Farm |
| 9:35 | Build | Farm |
| 9:36 | Build | Farm |
| 10:08 | Build | House |
| 10:59 | Build | Farm |
| 11:03 | Research | Feudal Age |
| 11:39 | Create | Villager (Male) |
| 11:39 | Create | Villager (Male) |
| 11:39 | Create | Villager (Male) |
| 11:40 | Create | Villager (Male) |
| 12:08 | Create | Villager (Male) |
| 12:08 | Create | Villager (Male) |
| 12:08 | Create | Villager (Male) |
| 13:36 | Age | Feudal Age |
| 13:40 | Research | Wheelbarrow |
| 13:41 | Research | Town Watch |
| 13:45 | Research | Horse Collar |
| 14:23 | Research | Double-Bit Axe |
| 14:33 | Build | Market |
| 14:47 | Build | Farm |
| 14:48 | Build | Farm |
| 15:05 | Build | House |
| 16:26 | Build | Blacksmith |
| 16:32 | Build | House |
| 16:44 | Create | Villager (Male) |
| 16:45 | Create | Villager (Male) |
| 16:45 | Create | Villager (Male) |
| 18:00 | Build | Farm |
| 18:00 | Build | Farm |
| 18:05 | Build | Farm |
| 18:42 | Build | Farm |
| 18:43 | Build | Farm |
| 18:54 | Build | Mining Camp |
| 18:58 | Create | Villager (Male) |
| 19:35 | Research | Gold Mining |
| 19:35 | Research | Stone Mining |
| 19:40 | Build | Farm |
| 19:41 | Build | Farm |
| 20:01 | Create | Trade Cart |
| 20:02 | Create | Trade Cart |
| 20:23 | Build | House |
| 20:30 | Create | Villager (Male) |
| 20:31 | Create | Villager (Male) |
| 20:43 | Build | Farm |
| 20:52 | Create | Villager (Male) |
| 20:58 | Build | House |
| 21:37 | Build | House |
| 21:50 | Create | Villager (Male) |
| 21:51 | Research | Castle Age |
| 22:14 | Research | Scale Barding Armor |
| 22:15 | Research | Scale Mail Armor |
| 22:16 | Research | Padded Archer Armor |
| 22:51 | Research | Forging |
| 23:11 | Create | Villager (Male) |
| 23:11 | Create | Villager (Male) |
| 23:12 | Create | Villager (Male) |
| 23:16 | Create | Trade Cart |
| 23:17 | Create | Trade Cart |
| 23:18 | Create | Trade Cart |
| 23:19 | Create | Trade Cart |
| 23:19 | Create | Trade Cart |
| 23:27 | Build | House |
Build order — Kodos113
94 actions detected in the replay
| 0:01 | Create | Villager (Male) |
| 0:02 | Create | Villager (Male) |
| 0:07 | Build | House |
| 0:16 | Build | House |
| 0:54 | Research | Loom |
| 1:14 | Create | Villager (Male) |
| 1:14 | Create | Villager (Male) |
| 1:29 | Build | Palisade Wall |
| 1:42 | Build | Palisade Wall |
| 2:08 | Build | Palisade Wall |
| 2:24 | Create | Villager (Male) |
| 2:25 | Create | Villager (Male) |
| 2:25 | Create | Villager (Male) |
| 3:01 | Build | Lumber Camp |
| 3:05 | Create | Villager (Male) |
| 4:30 | Build | House |
| 4:55 | Build | House |
| 5:01 | Create | Villager (Male) |
| 5:01 | Create | Villager (Male) |
| 5:01 | Create | Villager (Male) |
| 5:55 | Create | Villager (Male) |
| 5:55 | Create | Villager (Male) |
| 5:56 | Create | Villager (Male) |
| 5:56 | Create | Villager (Male) |
| 7:10 | Create | Villager (Male) |
| 7:11 | Create | Villager (Male) |
| 7:13 | Create | Villager (Male) |
| 7:13 | Create | Villager (Male) |
| 8:51 | Build | Mill |
| 9:43 | Research | Feudal Age |
| 10:21 | Build | Mining Camp |
| 10:53 | Build | House |
| 11:53 | Age | Feudal Age |
| 11:57 | Create | Villager (Male) ×5 |
| 12:05 | Build | Stone Wall |
| 12:39 | Build | Stone Wall |
| 12:49 | Build | Stone Wall |
| 13:22 | Build | Market |
| 13:43 | Build | Dock |
| 14:16 | Build | Outpost |
| 14:26 | Build | Farm |
| 14:27 | Build | Farm |
| 14:28 | Build | Farm |
| 14:31 | Create | Villager (Male) |
| 14:32 | Create | Villager (Male) |
| 14:33 | Create | Villager (Male) |
| 14:44 | Build | House |
| 15:10 | Build | Blacksmith |
| 15:17 | Create | Fishing Ship |
| 15:18 | Create | Fishing Ship |
| 15:56 | Build | Farm |
| 16:00 | Research | Castle Age |
| 18:09 | Research | Wheelbarrow |
| 18:39 | Create | Villager (Male) ×5 |
| 18:40 | Age | Castle Age |
| 18:45 | Build | Town Center |
| 19:03 | Build | House |
| 19:04 | Build | House |
| 19:14 | Research | Double-Bit Axe |
| 19:41 | Build | Town Center |
| 20:07 | Build | Monastery |
| 20:12 | Create | Villager (Male) |
| 20:12 | Create | Villager (Male) |
| 20:12 | Create | Villager (Male) |
| 20:13 | Create | Villager (Male) |
| 20:55 | Build | House |
| 20:55 | Build | House |
| 20:59 | Create | Monk |
| 21:06 | Build | Siege Workshop |
| 21:17 | Build | Farm |
| 21:18 | Build | Farm |
| 21:23 | Build | Farm |
| 21:25 | Build | Farm |
| 21:28 | Create | Villager (Male) |
| 21:34 | Create | Villager (Male) |
| 21:34 | Create | Villager (Male) |
| 21:41 | Create | Villager (Male) |
| 21:42 | Create | Villager (Male) |
| 22:35 | Create | Villager (Male) |
| 22:35 | Create | Villager (Male) |
| 22:45 | Create | Villager (Male) |
| 22:59 | Create | Villager (Male) |
| 22:59 | Create | Villager (Male) |
| 23:00 | Create | Villager (Male) |
| 23:06 | Create | Trade Cart |
| 23:06 | Create | Trade Cart |
| 23:06 | Create | Trade Cart |
| 23:22 | Build | House |
| 23:23 | Build | House |
| 23:34 | Create | Villager (Male) |
| 23:35 | Create | Villager (Male) |
| 23:38 | Create | Villager (Male) |
| 23:38 | Create | Villager (Male) |
| 23:38 | Create | Villager (Male) |
Build order — Cauchunho09
First 150 of 179 actions detected
| 0:07 | Create | Villager (Male) |
| 0:08 | Create | Villager (Male) |
| 0:08 | Create | Villager (Male) |
| 0:08 | Create | Villager (Male) |
| 0:08 | Create | Villager (Male) |
| 0:24 | Research | Loom |
| 1:08 | Build | Lumber Camp |
| 1:49 | Create | Villager (Male) |
| 1:49 | Create | Villager (Male) |
| 2:14 | Build | Palisade Wall |
| 2:20 | Create | Villager (Male) |
| 2:21 | Create | Villager (Male) |
| 3:22 | Create | Villager (Male) ×2 |
| 3:22 | Create | Villager (Male) ×2 |
| 3:59 | Build | Palisade Wall |
| 4:26 | Build | Palisade Gate |
| 4:37 | Create | Villager (Male) ×2 |
| 5:05 | Create | Villager (Male) |
| 5:05 | Create | Villager (Male) |
| 5:38 | Create | Villager (Male) |
| 5:38 | Create | Villager (Male) |
| 6:20 | Create | Villager (Male) |
| 6:20 | Create | Villager (Male) |
| 6:30 | Build | Mill |
| 7:04 | Create | Villager (Male) |
| 7:05 | Create | Villager (Male) |
| 7:05 | Create | Villager (Male) |
| 7:25 | Create | Villager (Male) ×3 |
| 8:51 | Create | Villager (Male) |
| 8:51 | Create | Villager (Male) |
| 8:58 | Create | Villager (Male) |
| 9:41 | Create | Villager (Male) |
| 10:06 | Build | Mill |
| 10:15 | Build | Mill |
| 10:42 | Research | Feudal Age |
| 11:02 | Create | Villager (Male) |
| 11:11 | Create | Villager (Male) |
| 11:49 | Create | Villager (Male) |
| 12:13 | Build | Mining Camp |
| 12:59 | Age | Feudal Age |
| 13:09 | Create | Villager (Male) |
| 13:12 | Research | Double-Bit Axe |
| 13:38 | Build | Stone Wall |
| 13:53 | Create | Villager (Male) |
| 14:12 | Build | Stone Wall |
| 14:26 | Build | Gate |
| 14:30 | Create | Villager (Male) |
| 14:41 | Build | Market |
| 14:44 | Build | Blacksmith |
| 14:52 | Create | Villager (Male) |
| 14:52 | Create | Villager (Male) |
| 15:06 | Create | Villager (Male) |
| 15:20 | Create | Villager (Male) |
| 15:43 | Research | Stone Mining |
| 15:49 | Build | Mining Camp |
| 16:17 | Research | Castle Age |
| 16:44 | Create | Villager (Male) |
| 17:03 | Build | Dock |
| 17:08 | Create | Villager (Male) |
| 17:28 | Create | Villager (Male) |
| 17:52 | Create | Fishing Ship |
| 17:53 | Research | Tech 906 |
| 18:01 | Build | Dock |
| 18:04 | Create | Villager (Male) |
| 18:35 | Research | Gold Mining |
| 18:43 | Build | Fish Trap |
| 18:45 | Create | Fishing Ship |
| 19:00 | Age | Castle Age |
| 19:05 | Create | Villager (Male) |
| 19:05 | Create | Villager (Male) |
| 19:17 | Build | Town Center |
| 19:24 | Create | Villager (Male) |
| 19:36 | Build | Fish Trap |
| 19:40 | Create | Fishing Ship |
| 20:00 | Build | Monastery |
| 20:05 | Create | Villager (Male) |
| 20:25 | Build | Fish Trap |
| 20:32 | Create | Fishing Ship |
| 20:33 | Research | Gillnets |
| 20:47 | Create | Villager (Male) |
| 20:47 | Create | Villager (Male) |
| 21:32 | Create | Monk |
| 21:36 | Create | Villager (Male) |
| 21:49 | Build | Fish Trap |
| 21:52 | Create | Fishing Ship |
| 22:21 | Build | Town Center |
| 22:28 | Create | Villager (Male) |
| 22:36 | Build | Fish Trap |
| 22:56 | Create | Monk |
| 22:59 | Create | Villager (Male) |
| 22:59 | Create | Villager (Male) |
| 23:09 | Create | Villager (Male) |
| 23:13 | Create | Trade Cart |
| 23:24 | Create | Villager (Male) |
| 23:33 | Research | Bow Saw |
| 23:41 | Create | Villager (Male) |
| 23:42 | Create | Villager (Male) |
| 24:19 | Create | Villager (Male) |
| 24:19 | Create | Villager (Male) |
| 24:52 | Build | Castle |
| 24:57 | Create | Villager (Male) |
| 24:57 | Create | Villager (Male) |
| 25:45 | Research | Gold Shaft Mining |
| 25:51 | Create | Fishing Ship |
| 25:51 | Create | Fishing Ship |
| 26:04 | Create | Villager (Male) |
| 26:04 | Create | Villager (Male) |
| 26:16 | Create | Tarkan |
| 26:16 | Create | Tarkan |
| 26:17 | Create | Tarkan |
| 26:17 | Create | Tarkan |
| 26:17 | Create | Tarkan |
| 26:17 | Create | Tarkan |
| 26:36 | Build | Farm |
| 26:37 | Build | Farm |
| 26:38 | Build | Farm |
| 26:38 | Build | Farm |
| 26:41 | Build | Farm |
| 26:42 | Build | Farm |
| 26:43 | Build | Farm |
| 26:44 | Build | Farm |
| 26:46 | Build | Farm |
| 26:49 | Build | Fish Trap |
| 26:50 | Build | Fish Trap |
| 26:54 | Create | Fishing Ship |
| 26:54 | Create | Fishing Ship |
| 26:58 | Research | Wheelbarrow |
| 27:05 | Build | Lumber Camp |
| 27:07 | Create | Monk |
| 27:08 | Create | Monk |
| 27:22 | Create | Trade Cart |
| 27:36 | Create | Tarkan |
| 27:36 | Create | Tarkan |
| 27:37 | Create | Tarkan |
| 27:41 | Research | Scale Barding Armor |
| 27:59 | Build | Fish Trap |
| 27:59 | Build | Fish Trap |
| 28:06 | Create | Fishing Ship |
| 28:06 | Create | Fishing Ship |
| 28:09 | Research | Forging |
| 28:21 | Build | Farm |
| 28:22 | Build | Farm |
| 28:23 | Build | Farm |
| 28:24 | Build | Farm |
| 28:30 | Build | Farm |
| 28:31 | Build | Farm |
| 28:33 | Build | Mill |
| 28:46 | Create | Tarkan |
| 28:51 | Create | Villager (Male) |
| 28:51 | Create | Villager (Male) |
Build order — coolgamer
104 actions detected in the replay
| 0:03 | Create | Villager (Male) ×4 |
| 0:03 | Create | Villager (Male) ×4 |
| 0:07 | Build | House |
| 1:42 | Create | Villager (Male) |
| 1:52 | Build | House |
| 2:02 | Create | Villager (Male) |
| 2:31 | Build | Lumber Camp |
| 2:34 | Create | Villager (Male) |
| 2:57 | Create | Villager (Male) |
| 3:31 | Create | Villager (Male) |
| 4:05 | Create | Villager (Male) |
| 4:14 | Build | House |
| 4:37 | Create | Villager (Male) |
| 4:38 | Create | Villager (Male) |
| 4:57 | Build | Mill |
| 5:45 | Create | Villager (Male) |
| 6:20 | Create | Villager (Male) |
| 6:39 | Create | Villager (Male) |
| 6:55 | Build | House |
| 7:03 | Create | Villager (Male) |
| 7:20 | Create | Villager (Male) |
| 7:48 | Create | Villager (Male) |
| 8:07 | Create | Villager (Male) |
| 10:10 | Research | Feudal Age |
| 10:32 | Build | Mining Camp |
| 11:30 | Build | Dock |
| 11:59 | Create | Fishing Ship |
| 12:19 | Build | Farm |
| 12:19 | Build | Farm |
| 12:20 | Age | Feudal Age |
| 12:24 | Research | Wheelbarrow |
| 12:26 | Research | Double-Bit Axe |
| 12:28 | Research | Horse Collar |
| 13:01 | Research | Tech 906 |
| 13:28 | Create | Fishing Ship |
| 13:33 | Create | Villager (Male) |
| 14:21 | Build | Farm |
| 14:22 | Build | Farm |
| 14:22 | Build | Farm |
| 15:52 | Create | Fishing Ship |
| 16:01 | Build | House |
| 16:05 | Build | Market |
| 16:18 | Research | Loom |
| 16:30 | Build | Blacksmith |
| 16:44 | Create | Villager (Male) |
| 17:17 | Create | Trade Cart |
| 17:38 | Research | Castle Age |
| 17:45 | Create | Fishing Ship |
| 18:32 | Build | Barracks |
| 18:40 | Create | Trade Cart |
| 19:38 | Build | House |
| 20:00 | Research | Scale Barding Armor |
| 20:18 | Age | Castle Age |
| 20:25 | Research | Hand Cart |
| 20:50 | Create | Trade Cart |
| 21:01 | Build | Town Center |
| 21:06 | Create | Villager (Male) |
| 21:23 | Build | Fish Trap |
| 21:40 | Create | Villager (Male) |
| 21:43 | Create | Villager (Male) |
| 21:46 | Create | Villager (Male) |
| 22:14 | Create | Villager (Male) |
| 22:15 | Create | Villager (Male) |
| 22:28 | Build | Fish Trap |
| 22:30 | Create | Villager (Male) |
| 22:44 | Build | Fish Trap |
| 22:51 | Build | Fish Trap |
| 23:00 | Build | House |
| 23:11 | Create | Fire Lancer |
| 23:18 | Create | Villager (Male) |
| 23:19 | Create | Villager (Male) |
| 23:34 | Create | Villager (Male) |
| 23:59 | Build | Stable |
| 24:39 | Create | Steppe Lancer |
| 24:55 | Build | Siege Workshop |
| 24:58 | Create | Steppe Lancer |
| 25:14 | Build | House |
| 25:18 | Build | House |
| 25:32 | Create | Villager (Male) |
| 25:32 | Create | Villager (Male) |
| 26:16 | Create | Steppe Lancer |
| 26:21 | Create | Fire Lancer |
| 26:37 | Create | Steppe Lancer |
| 26:41 | Create | Fire Lancer |
| 26:53 | Create | Iron Pagoda |
| 27:18 | Create | Steppe Lancer |
| 27:19 | Create | Steppe Lancer |
| 27:22 | Create | Fire Lancer |
| 27:22 | Create | Fire Lancer |
| 27:37 | Build | Farm |
| 27:37 | Build | Farm |
| 27:38 | Build | Farm |
| 27:38 | Build | Farm |
| 27:40 | Create | Villager (Male) ×5 |
| 27:51 | Build | House |
| 30:32 | Build | Stable |
| 31:00 | Build | House |
| 31:01 | Build | House |
| 31:02 | Build | House |
| 31:22 | Create | Steppe Lancer |
| 31:22 | Create | Steppe Lancer |
| 31:28 | Build | Stable |
| 31:43 | Create | Steppe Lancer |
| 31:43 | Create | Steppe Lancer |
Match timeline
| 0:31 | Nozyspy · wall_segment Palisade Wall x12 |
| 0:45 | Nozyspy · wall_segment Palisade Wall x10 |
| 1:02 | Nozyspy · wall_segment Palisade Wall x12 |
| 1:05 | yinlai · wall_segment Palisade Wall x3 |
| 1:06 | Hinckley-forever · wall_segment Palisade Wall x11 |
| 1:13 | yinlai · wall_segment Palisade Wall x20 |
| 1:29 | Kodos113 · wall_segment Palisade Wall x4 |
| 1:42 | Kodos113 · wall_segment Palisade Wall x1 |
| 2:01 | Hinckley-forever · wall_segment Palisade Wall x13 |
| 2:08 | Kodos113 · wall_segment Palisade Wall x6 |
| 2:14 | Cauchunho09 · wall_segment Palisade Wall x14 |
| 2:59 | Nozyspy · wall_segment Palisade Wall x13 |
| 3:37 | Nozyspy · wall_segment Palisade Wall x11 |
| 3:59 | Cauchunho09 · wall_segment Palisade Wall x15 |
| 4:49 | shashank1698 · first_building Dock |
| 7:47 | yinlai · first_building Barracks |
| 11:22 | shashank1698 · age_up feudal |
| 11:30 | coolgamer · first_building Dock |
| 11:53 | Kodos113 · age_up feudal |
| 12:05 | Kodos113 · wall_segment Stone Wall x7 |
| 12:20 | coolgamer · age_up feudal |
| 12:39 | Kodos113 · wall_segment Stone Wall x3 |
| 12:49 | Kodos113 · wall_segment Stone Wall x1 |
| 12:59 | Cauchunho09 · age_up feudal |
| 13:36 | Commendatori · age_up feudal |
| 13:38 | Cauchunho09 · wall_segment Stone Wall x14 |
| 13:43 | Kodos113 · first_building Dock |
| 13:47 | Hinckley-forever · wall_segment Stone Wall x13 |
| 14:05 | Nozyspy · first_building Dock |
| 14:12 | Cauchunho09 · wall_segment Stone Wall x18 |
| 14:30 | Nozyspy · age_up feudal |
| 14:35 | shashank1698 · first_market_sell 100 food |
| 14:46 | Hinckley-forever · first_market_buy 100 food |
| 15:02 | shashank1698 · age_up castle |
| 15:04 | Nozyspy · wall_segment Stone Wall x12 |
| 15:43 | shashank1698 · first_market_buy 100 stone |
| 16:44 | yinlai · age_up feudal |
| 17:03 | Cauchunho09 · first_building Dock |
| 17:17 | yinlai · first_building Stable |
| 17:21 | yinlai · first_building Archery Range |
| 17:27 | coolgamer · first_market_buy 100 food |
| 17:30 | coolgamer · first_market_sell 100 stone |
| 18:05 | Nozyspy · first_market_buy 100 wood |
| 18:24 | Nozyspy · age_up castle |
| 18:32 | coolgamer · first_building Barracks |
| 18:40 | Kodos113 · age_up castle |
| 19:00 | Cauchunho09 · age_up castle |
| 19:11 | yinlai · wall_segment Stone Wall x15 |
| 20:00 | Cauchunho09 · first_building Monastery |
| 20:07 | Kodos113 · first_building Monastery |
| 20:18 | coolgamer · age_up castle |
| 20:25 | Nozyspy · first_building Siege Workshop |
| 20:48 | Hinckley-forever · first_market_sell 100 wood |
| 21:06 | Kodos113 · first_building Siege Workshop |
| 21:08 | shashank1698 · first_building Siege Workshop |
| 21:30 | Cauchunho09 · first_market_sell 100 wood |
| 22:49 | Kodos113 · first_market_buy 100 food |
| 23:17 | shashank1698 · first_building Monastery |
| 23:31 | shashank1698 · first_building Barracks |
| 23:34 | Hinckley-forever · first_building Barracks |
| 23:39 | Commendatori · resign |
| 23:59 | coolgamer · first_building Stable |
| 24:40 | shashank1698 · first_building Stable |
| 24:46 | Hinckley-forever · first_building Castle |
| 24:52 | Cauchunho09 · first_building Castle |
| 24:55 | coolgamer · first_building Siege Workshop |
| 25:40 | Nozyspy · first_building Barracks |
| 25:48 | Nozyspy · first_building Monastery |
| 26:50 | shashank1698 · first_building Castle |
| 27:07 | Nozyspy · first_building Archery Range |
| 28:12 | yinlai · age_up castle |
| 28:33 | shashank1698 · age_up imperial |
| 29:49 | Cauchunho09 · first_building Barracks |
| 30:35 | Cauchunho09 · first_building Archery Range |
| 31:56 | Nozyspy · first_building Castle |
| 32:01 | shashank1698 · first_building Archery Range |
[ AI ANALYSIS · 1 CREDIT ]
What really happened in this match?
Wolo.gg analyzes every decision: build order, eco, micro, common mistakes by bracket. Personalized analysis on WhatsApp or Discord in 30 seconds.
Civ guide
Bengalis
Perfil
Jugador #412402